 Dungeon Crawl Stone Soup version 0.16.1-66-g04f09c5 (webtiles) character file.

9063063 angrylion the Skullcrusher (level 27, 270/270 (273) HPs)
             Began as a Minotaur Fighter on Apr 14, 2015.
             Was the Champion of Okawaru.
             Escaped with the Orb
             ... and 15 runes on Aug 11, 2015!
             The game lasted 1day 16:54:27 (193015 turns).

angrylion the Skullcrusher (Minotaur Fighter)  Turns: 193015, Time: 1, 16:54:27

HP:   270/270 (273) AC: 52    Str: 37    XL:     27
MP:   43/43         EV: 29    Int:  3    God:    Okawaru [******]
Gold: 15886         SH: 37    Dex: 18    Spells: 0 memorised, 26 levels left

rFire  + + .     SeeInvis +     C - +5 sacred scourge (holy)
rCold  + . .     Clarity  .     Q - +12 gold dragon armour
rNeg   + + +     SustAb   +     P - +7 large shield {reflect}
rPois  +         Gourm    .     Y - +2 hat {MR+}
rElec  +         Spirit   .     H - +1 cloak "Phupeuj" {rN+ Int-2 SInv}
rCorr  .         Warding  +     X - +2 pair of fencer's gloves {EV+3 Dex+6 Slay+2}
rMut   .         Stasis   .     i - +2 pair of boots {run}
MR     ++++.     NoCast   +     o - macabre finger necklace {Ward rN+}
Stlth  +.........               v - ring "Psiqouse" {SustAb Str+5}
                                T - ring "Yxamalut" {-Cast rElec rPois rN+ MR+ Stlth+}
                                d - ring of protection from fire

@: contaminated, hasted (expiring), glowing, very quick, incredibly resistant to
hostile enchantments, very unstealthy
A: retaliatory headbutt, horns 2, screaming 1
a: Heroism, Finesse, Renounce Religion
0: Orb of Zot
}: 15/15 runes: decaying, serpentine, slimy, silver, golden, iron, obsidian,
icy, bone, abyssal, demonic, glowing, magical, fiery, dark


You escaped.
You worshipped Okawaru.
Okawaru was exalted by your worship.
You were full.

You visited 18 branches of the dungeon, and saw 97 of its levels.
You visited Pandemonium 4 times, and saw 24 of its levels.
You visited the Abyss 5 times.
You visited 2 bazaars.
You visited 1 ziggurat, and saw 8 of its levels.
You also visited: Trove, Bailey, Ice Cave and Volcano.

You collected 23592 gold pieces.
You spent 7706 gold pieces at shops.

Inventory:

Hand weapons
 C - a +5 sacred scourge of holy wrath (weapon)
Missiles
 c - 14 javelins of returning
 k - 8 silver tomahawks
 x - 23 javelins of penetration (quivered)
 B - 7 steel tomahawks
 D - 9 poisoned javelins
 L - 3 throwing nets
 O - 6 poisoned tomahawks
 S - a steel javelin
 U - a silver javelin
 V - 18 tomahawks of dispersal
 Z - 2 tomahawks of returning
Armour
 i - a +2 pair of boots of running (worn)
 H - the +1 cloak "Phupeuj" (worn) {rN+ Int-2 SInv}
   (Okawaru gifted it to you on level 2 of the Depths)

   It affects your intelligence (-2).
   It protects you from negative energy.
   It enhances your eyesight.
 N - a +4 large shield of fire resistance
 P - a +7 large shield of reflection (worn)
 Q - a +12 gold dragon armour (worn)
 X - the +2 pair of fencer's gloves (worn) {EV+3 Dex+6 Slay+2}
   (Okawaru gifted it to you on level 5 of the Vaults)

   It affects your evasion (+3).
   It affects your dexterity (+6).
   It affects your accuracy and damage with ranged weapons and melee attacks
   (+2).
 Y - a +2 hat of magic resistance (worn)
Jewellery
 b - an uncursed ring of teleport control
 d - a ring of protection from fire (on amulet)
 n - an uncursed amulet of stasis
 o - the macabre finger necklace (around neck) {Ward rN+}
   (You found it on level 7 of the Iron City of Dis)

   [amulet of warding]

   It may prevent the melee attacks of summoned creatures.
   It protects you from negative energy.
 q - the cursed amulet of Pnes Axorph {Clar rElec Int+2 Dex+7}
   (You found it in a treasure trove)

   [amulet of clarity]

   It provides mental clarity.
   It affects your intelligence (+2).
   It affects your dexterity (+7).
   It insulates you from electricity.
   It has a curse placed upon it.
 v - the ring "Psiqouse" (right hand) {SustAb Str+5}
   (You found it in Pandemonium)

   [ring of sustain abilities]

   It sustains your strength, intelligence and dexterity.
   It affects your strength (+5).
 z - an uncursed amulet of resist mutation
 F - an uncursed amulet of guardian spirit
 K - the ring of the Ancients {rPois rC+}
   (You found it on level 6 of the Pits of Slime)

   [ring of protection from cold]

   It protects you from cold.
   It protects you from poison.
 R - the ring "Fynegoth" {rN+ MR+ MP+9 Str+2}
   (You found it on level 7 of the Iron City of Dis)

   [ring of strength]

   It affects your strength (+2).
   It protects you from negative energy.
   It affects your resistance to hostile enchantments.
   It affects your magic capacity (+9).
 T - the ring "Yxamalut" (left hand) {-Cast rElec rPois rN+ MR+ Stlth+}
   (You found it on level 3 of the Crypt)

   [ring of positive energy]

   It insulates you from electricity.
   It protects you from poison.
   It protects you from negative energy.
   It affects your resistance to hostile enchantments.
   It prevents spellcasting.
   It makes you more stealthy.
 W - the ring of Divine Compulsion {+Fly MP+9 AC+2 Dex+4}
   (You found it on level 3 of the Tomb of the Ancients)

   [ring of protection]

   It affects your AC (+2).
   It affects your dexterity (+4).
   It affects your magic capacity (+9).
   It lets you fly.
Magical devices
 a - a wand of digging (5)
 j - a wand of disintegration (4)
 G - a wand of heal wounds (2)
Scrolls
 g - 21 scrolls of remove curse
 m - 4 scrolls of fog
 p - 40 scrolls of teleportation
 t - 6 scrolls of silence
 u - 4 scrolls of blinking
 y - a scroll of recharging
 A - a scroll of holy word
 I - 9 scrolls of fear
Potions
 e - 11 potions of might
 f - 5 potions of cancellation
 h - 9 potions of heal wounds
 l - 5 potions of restore abilities
 s - 5 potions of resistance
 w - 5 potions of curing
 E - 5 potions of invisibility
 J - 7 potions of haste
Miscellaneous
 M - a sack of spiders {used: 5}
Comestibles
 r - 54 meat rations


   Skills:
 O Level 27 Fighting
 O Level 27 Maces & Flails
 O Level 27 Throwing
 O Level 27 Armour
 O Level 27 Dodging
 O Level 27 Stealth
 O Level 27 Shields
 + Level 24.7 Invocations
 O Level 27 Evocations


You had 26 spell levels left.
You didn't know any spells.

Dungeon Overview and Level Annotations

Branches:
Dungeon (15/15)            Temple (1/1) D:5            Lair (8/8) D:11
  Swamp (5/5) Lair:5        Snake (5/5) Lair:3        Slime (6/6) Lair:7
    Orc (4/4) D:12            Elf (3/3) Orc:4        Vaults (5/5) D:13
  Crypt (3/3) Vaults:2       Tomb (3/3) Crypt:3      Depths (5/5) D:15
   Hell (1/1)                 Dis (7/7) Hell            Geh (7/7) Hell
    Coc (7/7) Hell            Tar (7/7) Hell            Zot (5/5) Depths:5

Altars:
Ashenzari
Cheibriados
Dithmenos
Elyvilon
Fedhas
Gozag
Kikubaaqudgha
Makhleb
Nemelex Xobeh
Okawaru
Qazlal
Ru
Sif Muna
Trog
Vehumet
Xom
Yredelemnul
Zin
The Shining One
Beogh

Shops:
D:13 !   D:14 ?   Orc:2 ?   Orc:4 %%[   Elf:1 }   Elf:2 !%%   Elf:3 !
Snake:2 =   Vaults:5 %!%   Depths:1 :

Portals:
Hell: Depths:1 Depths:2 Depths:3 Depths:4 Depths:5
Abyss: Depths:4
Pandemonium: Depths:3
Ziggurat: Depths:1 Depths:3


Innate Abilities, Weirdness & Mutations

You reflexively headbutt those who attack you in melee.
You have a pair of horns on your head.
You occasionally shout uncontrollably at your foes.


Message History

You block the hell hound's attack. The hell hound breathes flames at you.
The blast of flame hits you!
There is a stone staircase leading up here.
You see here a hell hound corpse.
The hell hound closely misses you. You furiously retaliate!
You headbutt the hell hound.
You climb upwards.
You sense a powerful magical force warping space.
There is a stone staircase leading down here.
Evoke which item? (* to show all) (? for menu, Esc to quit)
Zapping:
a - a wand of digging (6)
Press: ? - help, Shift-Dir - straight line The rock shatters into small pieces.
This wand has 5 charges left.
You block the hell hound's attack.
Your extra speed is starting to run out.
You block the hell hound's attack.
There is a staircase leading out of the dungeon here.
You block the hell hound's attack.
You have escaped!

....#..........### #.#
...##..........# ##>#
..###..........#######..#
### ######............#.#
#.♣♣♣♣♣♣♣♣♣..#.###
#.♣PP..PP..♣.....#######
#.♣PP..P...♣............
#####.♣..PP.h.P♣.....######.
##.....♣..P.@.PP♣..#### ##
#......♣PP...P..♣.##
#......♣P...PP..♣.#
##.....♣...P..PP♣.#
####..♣..PP..PP♣.#
#...♣♣♣♣♣♣♣♣♣.#
##............#
##############


You could see a hell hound.

Vanquished Creatures
  Antaeus (Coc:7)
  Asmodeus (Geh:7)
  Cerebov (Pan)
  the Serpent of Hell (Dis:7)
  the royal jelly (Slime:6)
  Ereshkigal (Tar:7)
  Gloorx Vloq (Pan)
  A seraph (Pan)
  Mnoleg (Pan)
  Dispater (Dis:7)
  Lom Lobon (Pan)
  7 ancient liches
  3 orbs of fire (Zot:5)
  9 pandemonium lords (Pan)
  30 greater mummies
  Sojobo (Depths:1)
  22 shard shrikes
  Norris (Depths:3)
  A curse toe (Zot:3)
  8 Killer Klowns
  Mennas (Pan)
  Geryon (Hell)
  20 golden dragons
  2 pearl dragons (Pan)
  Xtahua (Depths:3)
  13 bone dragons
  Nikola (Swamp:2)
  3 electric golems
  52 Brimstone Fiends
  A hellephant (Zig:8)
  25 Orb Guardians
  13 liches
  23 tentacled monstrosities
  18 Hell Sentinels
  5 deep elf blademasters
  6 titans
  32 Ice Fiends
  4 quicksilver dragons
  6 deep elf master archers
  37 Shadow Fiends
  30 acid blobs
  12 eldritch tentacles
  9 tentacled starspawn
  32 Executioners
  16 sphinxes
  9 ancient champions
  6 warmongers (Pan)
  Agnes (Depths:1)
  11 shadow dragons
  15 tengu reavers
  15 storm dragons
  2 thorn hunters
  2 revenants
  Roxanne (Elf:1)
  3 draconian monks
  20 vault wardens
  20 daevas (Pan)
  51 balrugs
  15 azure jellies
  Donald (Snake:1)
  Wiglaf (Swamp:2)
  An orc warlord (Depths:4)
  13 fire giants
  11 greater nagas
  20 iron dragons
  7 draconian knights
  Aizul (Snake:4)
  Louise (Swamp:1)
  2 draconian scorchers
  12 frost giants
  A caustic shrike zombie (Crypt:2)
  4 curse skulls
  22 cacodemons
  12 deep elf sorcerers
  4 ghost moths
  2 draconian zealots
  6 emperor scorpions
  Jorgrun (Swamp:2)
  3 ghouls (Crypt:2)
  17 ironheart preservers
  22 very ugly things
  A spriggan defender (Depths:4)
  127 reapers
  21 ophanim
  23 war gargoyles
  7 draconian annihilators
  3 elemental wellsprings
  32 angels
  6 blood saints (Pan)
  10 corrupters (Pan)
  19 rakshasas
  2 draconian shifters
  31 apis (Pan)
  29 stone giants
  2 draconian callers
  16 salamander firebrands
  9 grey draconians
  9 deep elf demonologists
  16 lorocyprocas
  9 green draconians
  6 pale draconians
  5 yellow draconians
  10 dire elephants
  7 black draconians
  10 mottled draconians
  8 purple draconians
  12 deep elf annihilators
  6 bennus
  13 ettins
  7 white draconians
  5 chaos champions (Pan)
  An unborn (Tomb:1)
  11 black suns (Pan)
  4 eidola
  13 red draconians
  6 vampire knights
  4 crystal guardians
  15 deep elf death magi
  6 green deaths (Pan)
  6 minotaurs
  36 blizzard demons
  A merfolk javelineer (Zig:4)
  6 death oozes
  29 mummy priests
  15 jiangshi
  3 kraken zombies
  38 vault guards
  12 quicksilver dragon zombies
  19 yaktaur captains
  A merfolk impaler (Depths:3)
  8 death cobs
  20 fire dragons
  13 great orbs of eyes
  2 spectral krakens (Tar:7)
  13 centaur warriors
  26 hydras
  6 spriggan air magi
  Harold (Lair:2)
  8 deep elf high priests
  23 monstrous demonspawn (Pan)
  18 naga warriors
  20 small abominations
  45 ice dragons
  Nessos (D:13)
  7 deep troll earth magi
  8 alligators
  15 quicksilver dragon skeletons
  A spectral fire giant (Crypt:2)
  11 anacondas
  18 dancing weapons
  6 catoblepae
  7 ogre magi
  8 vampire magi
  2 death knights
  5 thrashing horrors (Abyss:4)
  50 death yaks
  3 tengu warriors
  8 deep troll shamans
  4 spriggan berserkers
  5 orc high priests
  14 titan zombies
  5 naga sharpshooters
  11 hell beasts
  64 soul eaters
  8 shock serpents
  31 hell hogs
  7 iron golems
  Nergalle (Lair:5)
  7 salamander mystics
  8 storm dragon zombies
  17 fire dragon zombies
  21 shadow wraiths
  75 sun demons
  8 wretched stars
  59 large abominations
  14 titan skeletons
  31 deep elf knights
  8 giant orange brains
  4 iron trolls
  An iron troll (shapeshifter) (Vaults:2)
  6 spatial maelstroms
  The ghost of KarvaRausku the Severer, an experienced MiBe of Trog (Bailey)
  2 fire crabs
  4 unseen horrors
  38 death scarabs
  111 hell knights
  7 golden dragon zombies
  33 ice devils
  A giant orange brain (shapeshifter) (Vaults:5)
  177 skeletal warriors
  9 storm dragon skeletons
  2 ghost moth zombies
  14 anaconda zombies
  2 ball lightnings (Pan)
  A lindwurm (Lair:5)
  6 wizards
  20 flayed ghosts
  A death drake (shapeshifter) (Depths:3)
  3 spriggan druids
  12 hill giants
  19 cherubim (Pan)
  18 deep trolls
  14 deep elf summoners
  17 gelid demonspawn
  16 infernal demonspawn (Pan)
  16 naga ritualists
  7 ice statues
  25 orc knights
  17 putrid demonspawn (Pan)
  2 sea snakes (Snake:1)
  20 starcursed masses
  A swamp dragon (shapeshifter) (Vaults:1)
  7 golden dragon skeletons
  32 shadow demons
  18 torturous demonspawn (Pan)
  A tengu zombie (Vaults:5)
  17 anaconda skeletons
  3 harpies (Vaults:2)
  10 swamp dragons
  8 wolf spider zombies
  An anubis guard (shapeshifter) (Vaults:5)
  14 ironbrand convokers
  19 anubis guards
  13 iron dragon zombies
  6 wolf spiders
  7 shadow dragon zombies
  4 shambling mangroves
  4 hornets
  10 stone giant zombies
  A faun (shapeshifter) (Elf:3)
  25 worldbinders
  45 necromancers
  8 frost giant zombies
  9 cyclopes
  9 shadow dragon skeletons
  A hornet (shapeshifter) (Vaults:2)
  A mana viper (shapeshifter) (Vaults:4)
  11 shining eyes
  6 orc sorcerers
  14 mana vipers
  3 orb spiders
  15 fire giant zombies
  6 griffons
  18 deep elf conjurers
  28 moths of wrath
  2 manticores
  7 guardian serpents
  16 phantasmal warriors
  35 salamanders
  An octopode (shapeshifter) (Elf:2)
  9 centaur zombies
  17 elephants
  68 smoke demons
  51 ugly things
  4 shock serpent zombies
  32 sixfirhies
  A toenail golem (Pan)
  13 iron dragon skeletons
  14 spiny frogs
  12 frost giant skeletons
  25 naga magi
  Joseph (Orc:1)
  An apocalypse crab (Abyss:4)
  An eye of devastation (shapeshifter) (Vaults:5)
  8 stone giant skeletons
  7 fire giant skeletons
  12 dire elephant zombies
  16 molten gargoyles
  61 orange demons
  5 gargoyles
  56 black mambas
  59 hellions
  61 rust devils
  24 vault sentinels
  A torpor snail (Depths:2)
  6 eyes of devastation
  75 tormentors
  3 spriggan zombies
  3 storm dragon simulacra (Coc:7)
  The ghost of PersonB the Cutter, an experienced HOEn of Dithmenos (D:7)
  2 emperor scorpion zombies
  5 shock serpent skeletons
  6 titan simulacra
  3 fire drakes
  5 dire elephant skeletons
  5 kobold demonologists
  2 yaktaur zombies
  3 catoblepas zombies
  14 spectral swamp worms
  2 golden dragon simulacra
  A komodo dragon (shapeshifter) (D:15)
  42 yaktaurs
  12 demonic crawlers
  A black draconian skeleton (Geh:2)
  18 deep elf priests
  A purple draconian skeleton (Crypt:1)
  2 catoblepas skeletons
  A red draconian skeleton (Geh:1)
  A jumping spider (shapeshifter) (Vaults:3)
  58 hellwings
  25 hydra zombies
  4 ancient zymes
  81 red devils
  8 silent spectres
  7 komodo dragons
  A sea snake skeleton (Crypt:1)
  A polar bear (Lair:5)
  6 harpy zombies
  An iron troll skeleton (Crypt:2)
  A wandering mushroom (Abyss:4)
  47 guardian mummies
  13 trolls
  Sonja (D:14)
  4 anaconda simulacra
  41 blue devils
  4 tengu conjurers
  A blink frog (shapeshifter) (Abyss:2)
  A fire drake (shapeshifter) (Vaults:4)
  2 polar bears (shapeshifter)
  A tengu simulacrum (Vaults:3)
  A wolf spider simulacrum (D:15)
  7 giant leeches
  A hornet zombie (D:14)
  6 raiju
  19 efreet
  25 blink frogs
  7 ice dragon zombies
  155 slime creatures
  5 harpy skeletons
  11 bog bodies
  16 hydra skeletons
  24 ravens
  49 freezing wraiths
  11 two-headed ogres
  A baby alligator (shapeshifter) (Depths:2)
  A snapping turtle (Tomb:1)
  10 boulder beetles
  15 ushabtiu
  8 baby alligators
  A fire giant simulacrum (Tomb:3)
  A raiju (shapeshifter) (Depths:2)
  A stone giant simulacrum (Tar:7)
  9 alligator zombies
  15 ettin zombies
  18 air elementals
  50 wraiths
  A yak (shapeshifter) (Elf:1)
  A spriggan skeleton (Depths:2)
  17 water elementals
  A spriggan (shapeshifter) (Vaults:3)
  A satyr skeleton (Crypt:1)
  3 alligator skeletons
  A tarantella (shapeshifter) (Vaults:3)
  2 trapdoor spiders
  15 ettin skeletons
  6 basilisks
  6 black mamba zombies
  36 deep elf magi
  9 fire dragon skeletons
  188 flying skulls
  5 redbacks
  13 ice dragon skeletons
  50 ynoxinuls
  A redback (shapeshifter) (Depths:3)
  11 hippogriffs
  86 yaks
  14 spriggans
  2 human simulacra
  63 shadows
  9 humans (Zot:1)
  A griffon skeleton (Crypt:2)
  A wind drake zombie (Crypt:1)
  5 wyverns
  5 black mamba skeletons
  13 fire bats
  43 deep elf fighters
  9 hungry ghosts
  47 nagas
  Grum (D:13)
  39 vampire mosquitoes
  25 golden eyes
  A hog (shapeshifter) (Depths:3)
  36 fire elementals
  34 vampires
  A steam dragon (D:13)
  An infernal demonspawn zombie (Crypt:1)
  15 chaos spawn
  9 wargs
  5 mottled dragons
  38 water moccasins
  12 insubstantial wisps
  60 neqoxecs
  32 swamp worms
  18 wolves
  An ogre zombie (Depths:3)
  14 spatial vortices
  4 merfolk zombies
  15 porcupines
  A torturous demonspawn zombie (Dis:7)
  A soldier ant (shapeshifter) (Elf:1)
  7 spiny frog zombies
  41 ice beasts
  A merfolk skeleton (Geh:7)
  6 snapping turtle zombies
  16 swamp drakes
  137 hell hounds
  A hydra simulacrum (Coc:7)
  13 wasps
  6 manticore zombies
  A monstrous demonspawn skeleton (Crypt:2)
  6 spiny frog skeletons
  57 orc warriors
  A black bear (shapeshifter) (Vaults:4)
  3 black bears
  An elf zombie (D:15)
  43 ogres
  3 swamp dragon zombies
  15 phantoms
  3 sky beasts
  An ettin simulacrum (Depths:2)
  7 human skeletons
  42 necrophages
  A swamp dragon skeleton (Geh:7)
  8 boggarts
  16 eyes of draining
  2 boring beetles
  A manticore skeleton (Geh:3)
  5 snapping turtle skeletons
  A vampire mosquito zombie (D:14)
  An elephant skeleton (Crypt:2)
  27 centaurs
  3 lost souls
  8 human zombies
  8 big kobolds
  12 crocodiles
  A wyvern zombie (D:7)
  A gnoll sergeant (D:9)
  2 earth elementals (Zig:6)
  An elf skeleton (Crypt:3)
  A hell hound skeleton (Geh:3)
  27 giant frogs
  A merfolk simulacrum (Coc:4)
  7 scorpions
  2 wyvern skeletons
  A cyclops skeleton (D:11)
  4 troll skeletons
  An elf simulacrum (Vaults:2)
  15 killer bees
  8 electric eels
  27 crimson imps
  2 lava snakes (Volcano)
  A two-headed ogre zombie (Orc:4)
  2 goliath beetles (D:7)
  29 iron imps
  114 wights
  4 giant frog zombies
  36 jellies
  42 orc priests
  8 quasits
  4 centaur skeletons
  4 giant frog skeletons
  39 orc wizards
  13 worker ants
  9 iguanas
  13 hounds
  7 hell rats
  A troll simulacrum (Crypt:2)
  21 sheep
  A killer bee zombie (D:9)
  A naga skeleton (Pan)
  2 necrophage skeletons (Tar:7)
  2 ogre skeletons
  A deep dwarf skeleton (Crypt:2)
  A hound skeleton (D:8)
  2 tengu skeletons
  61 mummies
  A worker ant zombie (D:5)
  A steam dragon zombie (Crypt:2)
  A swamp drake skeleton (Crypt:1)
  24 adders
  3 gnolls (D:9)
  73 river rats
  25 shadow imps
  24 white imps
  6 giant mites
  3 worms
  34 ufetubi
  An adder skeleton (Crypt:2)
  6 oozes
  200 orcs
  A bat skeleton (D:4)
  3 giant cockroaches
  28 goblins
  14 hobgoblins
  32 kobolds
  6 quokkas
  A ball python (D:3)
  15 bats
  5 giant geckos
  7 giant newts
  2 giant spores
  2 jackals (D:3)
  3 kobold skeletons
  2 lurking horrors
  An orc skeleton (Geh:3)
  4 orc zombies
  9 rats
  A rat skeleton (Crypt:1)
  2 ballistomycetes (D:6)
  3 crawling corpses
  9 fungi
  3 grand avatars (Pan)
  7 plants
  9 starspawn tentacles
  12 tentacles
7473 creatures vanquished.

Vanquished Creatures (collateral kills)
  A shard shrike (Coc:4)
  A quicksilver dragon (Depths:4)
  A Shadow Fiend (Tar:7)
  4 reapers
  2 stone giants
  A deep elf demonologist (Elf:1)
  A dire elephant (Depths:4)
  A crystal guardian (Crypt:3)
  2 naga warriors (Snake:5)
  A death yak (Depths:1)
  A dancing weapon (Crypt:3)
  3 deep elf knights
  A sun demon (Pan)
  2 skeletal warriors (Tar:7)
  3 infernal demonspawn (Pan)
  A gelid demonspawn (Pan)
  2 putrid demonspawn (Pan)
  A shadow dragon zombie (Dis:7)
  A wolf spider zombie (Dis:7)
  An ugly thing (Depths:1)
  A salamander (Snake:5)
  A moth of wrath (Zot:2)
  A stone giant skeleton (Tar:7)
  A naga mage (Snake:5)
  2 yaktaurs (Depths:1)
  A hellwing (Pan)
  2 deep elf priests
  A jumping spider (Elf:3)
  A red devil (Geh:3)
  A hydra zombie (Coc:3)
  3 flying skulls
  A water elemental (Coc:3)
  3 ynoxinuls (Pan)
  A redback (Depths:4)
  A deep elf mage (Elf:1)
  A shadow (Coc:3)
  2 deep elf fighters
  A spiny frog zombie (Dis:7)
  A naga (Snake:5)
  A phantom (Tar:7)
  A necrophage (Tar:7)
  A shadow imp (Tar:7)
  A white imp (Coc:3)
  2 ufetubi (Pan)
  An orc (D:13)
  A giant spore (D:13)
65 creatures vanquished.

Vanquished Creatures (others)
  Boris (Vaults:3)
  A lich (Geh:7)
  3 deep elf master archers
  An eldritch tentacle (Geh:4)
  A tengu reaver (Depths:5)
  A vault warden (Vaults:1)
  2 fire giants
  A draconian scorcher (Zot:2)
  2 ghost moths (Pan)
  A warmonger (Pan)
  A draconian annihilator (Zot:5)
  4 stone giants
  A vampire knight (Crypt:3)
  An ettin (Abyss:3)
  7 yaktaur captains
  A fire dragon (Vaults:3)
  A deep elf high priest (Vaults:5)
  2 centaur warriors
  A naga sharpshooter (Snake:5)
  A death yak (Depths:4)
  A titan zombie (Geh:2)
  4 death scarabs (Tomb:3)
  3 ball lightnings (Pan)
  A golden dragon zombie (Geh:7)
  An anaconda skeleton (Geh:4)
  A putrid demonspawn (Pan)
  A giant orange brain (Vaults:3)
  A mana viper (Tomb:3)
  12 orb spiders
  5 wolf spiders
  A necromancer (Geh:2)
  A cyclops (Vaults:2)
  2 frost giant zombies (Geh:3)
  A fire giant skeleton (Geh:7)
  A sixfirhy (Pan)
  2 vault sentinels
  A kobold demonologist (Depths:5)
  10 yaktaurs
  A tormentor (Dis:4)
  A green draconian skeleton (Tar:7)
  27 jumping spiders
  2 fire vortices (Geh:3)
  2 shadows
  48 trapdoor spiders
  36 redbacks
  8 flying skulls
  A water elemental (Coc:7)
  9 tarantellas (Pan)
  A spriggan (Swamp:5)
  4 deep elf fighters
  A black mamba skeleton (Geh:4)
  A vampire (Geh:7)
  A human zombie (Geh:2)
  An orc warrior (Vaults:5)
  26 spiders
  A hell hound (Dis:7)
  A wasp (Swamp:5)
  2 centaurs
  A manticore zombie (Geh:7)
  14 lost souls
  A snapping turtle skeleton (Geh:3)
  A yaktaur zombie (Depths:4)
  A giant frog (Lair:5)
  A hell hound zombie (Geh:3)
  A hell hound skeleton (Geh:7)
  2 crimson imps
  2 iron imps (Dis:7)
  A sheep (Vaults:2)
  A small abomination (Coc:7)
  A mummy (Tomb:2)
  2 orcs (Vaults:5)
  A ball python (D:6)
  A giant spore (D:10)
  2 kobolds
  240 eldritch tentacle segments
  3 fungi
  A grand avatar (Pan)
  7 plants
  13 starspawn tentacles
  139 starspawn tentacle segments
  17 tentacles
  392 tentacle segments
1102 creatures vanquished.

Grand Total: 8640 creatures vanquished

Notes
Turn   | Place    | Note
--------------------------------------------------------------
     0 | D:1      | angrylion, the Minotaur Fighter, began the quest for the Orb.
     0 | D:1      | Reached XP level 1. HP: 19/19 MP: 1/1
   220 | D:1      | Reached skill level 4 in Armour
   387 | D:1      | Reached XP level 2. HP: 27/27 MP: 1/1
   790 | D:2      | Reached XP level 3. HP: 33/33 MP: 2/2
  2032 | D:4      | Noticed a scorpion
  2038 | D:4      | Killed a scorpion
  2038 | D:4      | Reached skill level 1 in Throwing
  2038 | D:4      | Reached XP level 4. HP: 38/40 MP: 2/2
  2441 | D:4      | Reached XP level 5. HP: 46/46 MP: 2/2
  2551 | D:4      | Reached skill level 5 in Armour
  2558 | D:4      | Reached XP level 6. HP: 21/52 MP: 3/3
  2562 | D:4      | Reached skill level 5 in Shields
  2788 | D:4      | Noticed an ogre
  2797 | D:4      | Killed an ogre
  2797 | D:4      | Reached skill level 1 in Dodging
  3351 | D:5      | Entered Level 5 of the Dungeon
  3396 | D:5      | Reached skill level 1 in Evocations
  3396 | D:5      | Reached XP level 7. HP: 58/60 MP: 3/4
  3788 | D:5      | Reached skill level 6 in Armour
  4043 | D:5      | Found a staircase to the Ecumenical Temple.
  4222 | D:5      | Reached skill level 5 in Maces & Flails
  4336 | Temple   | Entered the Ecumenical Temple
  4351 | Temple   | Became a worshipper of Warmaster Okawaru
  4949 | D:6      | Reached skill level 5 in Fighting
  4949 | D:6      | Reached XP level 8. HP: 44/68 MP: 4/4
  5220 | D:6      | Reached skill level 7 in Armour
  5594 | D:7      | Acquired Okawaru's first power
  5849 | D:7      | Noticed PersonB's ghost (experienced HOEn)
  5899 | D:7      | Killed PersonB's ghost
  6442 | D:7      | Reached XP level 9. HP: 52/75 MP: 5/5
  6542 | D:7      | Upgraded the game from 0.16.1-14-g82efdee to 0.16.1-16-gc44b35d
  6860 | D:8      | Reached skill level 1 in Invocations
  6869 | D:8      | Reached skill level 8 in Armour
  7565 | D:8      | Found a blossoming altar of Fedhas.
  8018 | D:9      | Reached skill level 9 in Shields
  8507 | D:9      | Reached XP level 10. HP: 84/86 MP: 7/7
  8690 | D:9      | Reached skill level 1 in Stealth
  8755 | D:9      | Reached skill level 10 in Shields
  9010 | D:10     | Entered Level 10 of the Dungeon
  9591 | D:10     | Reached skill level 10 in Maces & Flails
  9753 | D:11     | Noticed a red ugly thing
  9753 | D:11     | Noticed a cyclops
  9777 | D:10     | Killed a cyclops
  9777 | D:10     | Reached skill level 11 in Shields
  9786 | D:10     | Killed a red ugly thing
 10126 | D:11     | Found a staircase to the Lair.
 10149 | D:11     | Acquired Okawaru's second power
 10237 | D:11     | Reached XP level 11. HP: 94/94 MP: 9/9
 10465 | D:11     | Noticed a cyclops
 10477 | D:11     | Killed a cyclops
 10579 | D:11     | Noticed a six-headed hydra
 10597 | D:11     | Killed a six-headed hydra
 10597 | D:11     | Received a gift from Okawaru
 10954 | D:11     | Noticed a cyclops
 10961 | D:11     | Killed a cyclops
 11279 | D:11     | Received a gift from Okawaru
 11604 | D:11     | Noticed a hell knight
 11608 | D:11     | Noticed a hell knight
 11931 | Lair:1   | Entered Level 1 of the Lair of Beasts
 12134 | D:11     | Reached skill level 10 in Armour
 12134 | D:11     | Reached skill level 12 in Shields
 12181 | D:11     | Received a gift from Okawaru
 12414 | Lair:1   | Reached skill level 5 in Throwing
 12582 | Lair:1   | Received a gift from Okawaru
 12653 | Lair:1   | Reached XP level 12. HP: 72/106 MP: 11/11
 12690 | Lair:1   | Reached skill level 10 in Fighting
 12800 | Lair:1   | Got a crude hat {god gift}
 12818 | Lair:1   | Identified the -4 hat "Vocwa" {Int+4} (Okawaru gifted it to you on level 1 of the Lair of Beasts)
 13397 | Lair:2   | Noticed a seven-headed hydra
 13404 | Lair:2   | Noticed an eight-headed hydra
 13407 | Lair:2   | Killed a seven-headed hydra
 13417 | Lair:2   | Killed an eight-headed hydra
 13417 | Lair:2   | Reached skill level 13 in Shields
 13527 | Lair:2   | Found a dark tunnel.
 13539 | Volcano  | Entered a volcano
 13979 | Volcano  | Found a bloodstained altar of Trog.
 13990 | Volcano  | Reached skill level 5 in Dodging
 14426 | Lair:2   | Noticed Harold
 14445 | Lair:2   | Killed Harold
 14750 | Lair:2   | Reached XP level 13. HP: 111/116 MP: 12/12
 15074 | Lair:3   | Found a staircase to the Snake Pit.
 15641 | Lair:3   | Reached skill level 14 in Shields
 15954 | Lair:3   | Received a gift from Okawaru
 16560 | Lair:4   | Found a frozen archway.
 16685 | IceCv    | Entered an ice cave
 17085 | Lair:5   | Noticed Nergalle
 17095 | Lair:5   | Killed Nergalle
 18162 | Lair:5   | Found a staircase to the Swamp.
 18768 | Lair:6   | Got a brightly glowing iron amulet
 18790 | Lair:6   | Identified the amulet "Kympuor" {-Cast +Rage rPois MP+9 Int+2 Slay+3} (You found it on level 6 of the Lair of Beasts)
 18830 | Lair:6   | Reached XP level 14. HP: 75/126 MP: 2/13
 19281 | Lair:6   | Reached skill level 15 in Maces & Flails
 19328 | Lair:6   | Received a gift from Okawaru
 20313 | Lair:7   | Found a staircase to the Slime Pits.
 20333 | Lair:6   | Reached skill level 5 in Evocations
 20355 | Lair:7   | Reached skill level 15 in Shields
 21080 | Lair:7   | You fall through a shaft!
 21080 | Lair:8   | Entered Level 8 of the Lair of Beasts
 21783 | Lair:8   | Reached skill level 16 in Maces & Flails
 21792 | Lair:8   | Received a gift from Okawaru
 22762 | Lair:8   | Received a gift from Okawaru
 22795 | Lair:8   | Reached XP level 15. HP: 133/136 MP: 18/18
 22868 | Lair:8   | Received a gift from Okawaru
 23635 | D:9      | Received a gift from Okawaru
 23903 | D:11     | Killed a hell knight
 23914 | D:11     | Noticed a necromancer
 23981 | D:11     | Noticed a hell knight
 23989 | D:11     | Noticed a hell knight
 23992 | D:11     | Killed a hell knight
 23993 | D:11     | Noticed a hell knight
 23994 | D:11     | Noticed a hell knight
 24006 | D:11     | Killed a hell knight
 24017 | D:11     | Killed a hell knight
 24037 | D:11     | Killed a hell knight
 24384 | D:11     | Killed a necromancer
 24445 | D:11     | Killed a hell knight
 24467 | D:11     | Noticed a hell knight
 24473 | D:11     | Killed a hell knight
 24932 | D:12     | Received a gift from Okawaru
 24989 | D:12     | Found a staircase to the Orcish Mines.
 24998 | D:12     | Found a roughly hewn altar of Beogh.
 25189 | D:12     | Identified a scroll of acquirement
 25888 | D:13     | Noticed Grum
 25925 | D:13     | Killed Grum
 25925 | D:13     | Received a gift from Okawaru
 26057 | D:13     | Identified a +5 rod of shadows (9/9) (You found it on level 8 of the Lair of Beasts)
 26195 | D:13     | Found Breptuucs' Distillery.
 26210 | D:13     | Bought a potion of curing for 57 gold pieces
 26210 | D:13     | Bought a potion of degeneration for 19 gold pieces
 26210 | D:13     | Bought a potion of resistance for 190 gold pieces
 26210 | D:13     | Bought a potion of curing for 57 gold pieces
 26210 | D:13     | Bought a potion of curing for 57 gold pieces
 26210 | D:13     | Bought a potion of haste for 190 gold pieces
 26210 | D:13     | Bought a potion of resistance for 190 gold pieces
 26369 | D:13     | Found a gate to the Vaults.
 26546 | D:13     | Noticed Nessos
 26555 | D:13     | Killed Nessos
 26586 | D:13     | Got a heavily runed chain mail
 26597 | D:13     | Identified the +6 chain mail "Forget-Me-Not" {Int+5} (You found it on level 13 of the Dungeon)
 27754 | D:14     | Reached skill level 17 in Maces & Flails
 27807 | D:14     | Noticed Sonja
 27839 | D:14     | Killed Sonja
 27845 | D:14     | Found Pamyvorya's Magic Scroll Shoppe.
 27877 | D:14     | Reached skill level 10 in Throwing
 27931 | D:14     | Bought a scroll of enchant armour for 105 gold pieces
 27931 | D:14     | Bought a scroll of identify for 28 gold pieces
 27931 | D:14     | Bought a scroll of blinking for 105 gold pieces
 27931 | D:14     | Bought a scroll of enchant armour for 105 gold pieces
 27998 | D:14     | Received a gift from Okawaru
 28564 | D:13     | Received a gift from Okawaru
 29015 | D:15     | Entered Level 15 of the Dungeon
 29287 | D:15     | Reached XP level 16. HP: 69/146 MP: 11/20
 29703 | D:14     | Bought a scroll of identify for 28 gold pieces
 30003 | D:15     | Found a staircase to the Depths.
 30576 | Orc:1    | Entered Level 1 of the Orcish Mines
 30738 | Orc:1    | Noticed Joseph
 30743 | Orc:1    | Killed Joseph
 30923 | Orc:2    | Found Biulol's Magic Scroll Shop.
 30980 | Orc:2    | Bought a scroll of vulnerability for 90 gold pieces
 30980 | Orc:2    | Bought a scroll of enchant weapon for 90 gold pieces
 30980 | Orc:2    | Bought a scroll of enchant armour for 90 gold pieces
 31251 | Orc:1    | Found a burning altar of Makhleb.
 31259 | Orc:1    | Received a gift from Okawaru
 31554 | Orc:3    | Found a flagged portal.
 31583 | Bailey   | Entered a bailey
 31586 | Bailey   | Noticed KarvaRausku's ghost (experienced MiBe)
 31602 | Bailey   | Killed KarvaRausku's ghost
 32847 | Orc:4    | Entered Level 4 of the Orcish Mines
 33159 | Orc:4    | Found a staircase to the Elven Halls.
 33987 | Orc:4    | Received a gift from Okawaru
 34072 | Orc:4    | Found Ucvarhas' Antique Armour Shop.
 34072 | Orc:4    | Found Greemiba's Gadget Shop.
 34076 | Orc:4    | Found Phiojum's Food Boutique.
 34091 | Orc:4    | Found Feiz's Food Boutique.
 34150 | Orc:4    | Bought a glowing cloak for 94 gold pieces
 34696 | Snake:1  | Entered Level 1 of the Snake Pit
 34707 | Snake:1  | Noticed Donald
 34724 | Snake:1  | Killed Donald
 36131 | Snake:1  | Reached skill level 18 in Maces & Flails
 36564 | Snake:2  | Found Striutude's Jewellery Shoppe.
 36632 | Snake:2  | Bought a cursed ring of loudness for 72 gold pieces
 36872 | Snake:2  | Received a gift from Okawaru
 37533 | Snake:3  | Reached XP level 17. HP: 138/154 MP: 19/21
 38242 | Snake:3  | Received a gift from Okawaru
 38615 | Snake:3  | Reached skill level 15 in Throwing
 39299 | Snake:4  | Got a jewelled chain mail
 39323 | Snake:3  | Identified the +7 chain mail of Ennui {rN++ Str+4 Dex-2} (You found it on level 4 of the Snake Pit)
 39772 | Snake:4  | Reached skill level 15 in Fighting
 39819 | Snake:4  | Received a gift from Okawaru
 40347 | Snake:3  | Received a gift from Okawaru
 40498 | Snake:4  | Noticed Aizul
 40553 | Snake:4  | Killed Aizul
 40553 | Snake:4  | Received a gift from Okawaru
 41075 | Snake:4  | Identified the Almanac of Execration
 41440 | Snake:3  | Received a gift from Okawaru
 41458 | Snake:3  | Got a scorched scale mail {god gift}
 41679 | Lair:1   | Identified the +0 scale mail of the Invisible Hand {rF+ rC+ Dex-3 SInv} (Okawaru gifted it to you on level 3 of the Snake Pit)
 41786 | Swamp:1  | Entered Level 1 of the Swamp
 42633 | Swamp:1  | Noticed Louise
 42673 | Swamp:1  | Killed Louise
 42673 | Swamp:1  | Reached skill level 15 in Armour
 43541 | Swamp:2  | Noticed Wiglaf
 43569 | Swamp:2  | Killed Wiglaf
 43692 | Swamp:2  | Noticed Nikola
 43721 | Swamp:2  | Killed Nikola
 44000 | Swamp:2  | Noticed Jorgrun
 44931 | Swamp:2  | Killed Jorgrun
 45149 | Swamp:2  | Reached XP level 18. HP: 163/163 MP: 23/23
 45958 | Swamp:3  | Reached skill level 19 in Maces & Flails
 47268 | Depths:1 | Entered Level 1 of the Depths
 47423 | Depths:1 | Received a gift from Okawaru
 47722 | D:15     | Received a gift from Okawaru
 47978 | Depths:1 | Found Thaufa's Book Boutique.
 47998 | Depths:1 | Found a gateway to a ziggurat.
 48012 | Depths:1 | Found a gateway to Hell.
 48052 | Depths:1 | Got a slimy ring mail
 48069 | Depths:1 | Identified the +5 ring mail of Refuge {rPois Str+5 Int-3 Dex-4 Stlth+} (You found it on level 1 of the Depths)
 48128 | Depths:1 | Noticed Sojobo
 48175 | Depths:1 | Killed Sojobo
 48175 | Depths:1 | Received a gift from Okawaru
 49022 | Depths:1 | Found a portal to a secret trove of treasure.
 49346 | Depths:1 | Noticed Agnes
 49360 | Depths:1 | Killed Agnes
 49521 | Depths:1 | Received a gift from Okawaru
 50734 | Depths:2 | Reached XP level 19. HP: 167/172 MP: 21/24
 50905 | Depths:2 | Received a gift from Okawaru
 50942 | Depths:2 | Reached skill level 20 in Maces & Flails
 51209 | Depths:2 | Received a gift from Okawaru
 52106 | Depths:2 | Received a gift from Okawaru
 53180 | Depths:2 | Received a gift from Okawaru
 53183 | Depths:2 | Got a jewelled cloak {god gift}
 53195 | Depths:2 | Identified the +1 cloak "Phupeuj" {rN+ Int-2 SInv} (Okawaru gifted it to you on level 2 of the Depths)
 53475 | Depths:3 | Noticed Xtahua
 53484 | Depths:3 | Killed Xtahua
 53516 | Depths:2 | HP: 3/174 [fire dragon/blast of flame (19)]
 54815 | Depths:3 | Noticed a golden dragon
 54922 | Depths:3 | Killed a golden dragon
 55604 | Depths:3 | Received a gift from Okawaru
 55710 | Depths:3 | Reached XP level 20. HP: 164/184 MP: 22/25
 55852 | Depths:3 | Received a gift from Okawaru
 55918 | Depths:3 | Reached skill level 21 in Maces & Flails
 56048 | Depths:2 | Received a gift from Okawaru
 56119 | Depths:3 | Noticed Norris
 56153 | Depths:3 | Killed Norris
 56838 | Depths:3 | Received a gift from Okawaru
 56854 | Depths:3 | Got a translucent golden ring
 57439 | Depths:3 | Received a gift from Okawaru
 57872 | Depths:3 | Found a gateway to a ziggurat.
 57933 | Depths:3 | Identified the Disquisition on Augmentations (You found it on level 3 of the Depths)
 58049 | Depths:3 | Received a gift from Okawaru
 58229 | Depths:3 | Found a one-way gate leading to the halls of Pandemonium.
 59084 | Depths:3 | Noticed a golden dragon
 59100 | Depths:3 | Killed a golden dragon
 59149 | Depths:4 | Found a one-way gate to the infinite horrors of the Abyss.
 60570 | Depths:4 | Received a gift from Okawaru
 60806 | Depths:4 | Received a gift from Okawaru
 61009 | Depths:4 | Received a gift from Okawaru
 61047 | Depths:4 | Got a fine large shield {god gift}
 61058 | Depths:4 | Identified the +8 large shield of the Sparrow {-Tele rPois rC+ Dex+5} (Okawaru gifted it to you on level 4 of the Depths)
 61146 | Depths:4 | Reached XP level 21. HP: 185/191 MP: 25/25
 61198 | Depths:4 | Identified the ring "Phitum" {rPois Dex+2 SInv} (You took it off a tengu reaver on level 3 of the Depths)
 61302 | Depths:4 | Found an iron altar of Okawaru.
 61407 | Depths:4 | Reached skill level 22 in Maces & Flails
 61779 | Depths:4 | Got a faintly humming large shield
 61790 | Depths:4 | Identified the +4 large shield of Noughts and Crosses {rElec} (You found it on level 4 of the Depths)
 61903 | Depths:4 | Identified a +0 rod of ignition (13/13) (You took it off a minotaur on level 4 of the Depths)
 62088 | Depths:5 | Entered Level 5 of the Depths
 63082 | Depths:5 | Received a gift from Okawaru
 63991 | Depths:4 | Received a gift from Okawaru
 65132 | Depths:5 | Found a gate to the Realm of Zot.
 65530 | D:15     | Reached XP level 22. HP: 201/201 MP: 26/26
 65687 | Elf:1    | Entered Level 1 of the Elven Halls
 65695 | Elf:1    | Received a gift from Okawaru
 65716 | Elf:1    | Found Hierir's Quality Used Wands.
 65782 | Elf:1    | Bought a wand of polymorph (0) for 26 gold pieces
 65782 | Elf:1    | Bought a wand of cold (0) for 104 gold pieces
 65782 | Elf:1    | Bought a wand of heal wounds (0) for 312 gold pieces
 65782 | Elf:1    | Bought a wand of heal wounds (0) for 312 gold pieces
 65921 | Elf:1    | Noticed Roxanne
 66172 | Elf:1    | Killed Roxanne
 66174 | Elf:1    | Identified Roxanne's Grimoire of Moulding (You took it off Roxanne on level 1 of the Elven Halls)
 66821 | Elf:1    | Got a pair of fine gloves
 66832 | Elf:1    | Identified the +2 pair of gloves "Plaul" {MR+} (You found it on level 1 of the Elven Halls)
 66861 | Elf:1    | Received a gift from Okawaru
 67273 | Elf:2    | Found Ikam's Food Shop.
 67325 | Elf:2    | Found Tepupnur's Food Emporium.
 67379 | Elf:2    | Found a runed gate.
 67383 | Elf:2    | Found a runed gate.
 67719 | Elf:2    | Received a gift from Okawaru
 68556 | Elf:2    | Found Wevemekh's Distillery.
 68565 | Elf:2    | Bought a potion of haste for 140 gold pieces
 68565 | Elf:2    | Bought a potion of curing for 42 gold pieces
 68565 | Elf:2    | Bought a potion of curing for 42 gold pieces
 68581 | Elf:3    | Entered Level 3 of the Elven Halls
 68619 | Elf:3    | Reached skill level 23 in Maces & Flails
 69175 | Elf:3    | Found Umiatat's Distillery.
 69184 | Elf:3    | Bought a potion of curing for 48 gold pieces
 69184 | Elf:3    | Bought a potion of cure mutation for 560 gold pieces
 69184 | Elf:3    | Bought a potion of beneficial mutation for 560 gold pieces
 69184 | Elf:3    | Bought a potion of decay for 16 gold pieces
 69187 | Elf:3    | Gained mutation: Your muscles are strong. (Str +2) [potion of beneficial mutation]
 70931 | Elf:3    | Received a gift from Okawaru
 71246 | Elf:3    | Got a pitted flail
 71264 | Elf:3    | Identified the +12 flail "Toru" {crush, rElec rPois rC+ Str-5 Int+3} (You took it off a deep elf summoner on level 3 of the Elven Halls)
 71897 | Elf:3    | Identified Cigotuvi's Collected Works on Evil (You found it on level 3 of the Elven Halls)
 71927 | Elf:3    | Got an iridescent morningstar
 71928 | Elf:3    | Identified the +1 morningstar of Feuv {crush, rF+} (You found it on level 3 of the Elven Halls)
 72572 | Snake:4  | Reached XP level 23. HP: 210/210 MP: 27/27
 72593 | Snake:5  | Entered Level 5 of the Snake Pit
 73374 | Snake:5  | Received a gift from Okawaru
 74850 | Snake:5  | Got a serpentine rune of Zot
 75377 | Vaults:1 | Entered Level 1 of the Vaults
 75507 | Vaults:1 | Received a gift from Okawaru
 76011 | Vaults:1 | Received a gift from Okawaru
 76576 | Vaults:1 | Received a gift from Okawaru
 77221 | Vaults:1 | Received a gift from Okawaru
 77225 | Vaults:1 | Got an ichor-stained morningstar {god gift}
 77232 | Vaults:1 | Identified the +2 morningstar of Xenusu {crush, +Blink rC- Str+4} (Okawaru gifted it to you on level 1 of the Vaults)
 78073 | Vaults:2 | Found a staircase to the Crypt.
 78113 | Vaults:2 | Reached skill level 24 in Maces & Flails
 79824 | Vaults:2 | Reached XP level 24. HP: 219/221 MP: 28/28
 80169 | Vaults:3 | Noticed Boris
 80178 | Vaults:3 | Killed Boris
 80216 | Vaults:3 | Found a flickering gateway to a bazaar.
 80234 | Bazaar   | Entered a bazaar
 80252 | Bazaar   | Found Mutseffa's Antique Weapon Emporium.
 80280 | Bazaar   | Found Throlioco's Book Shoppe.
 80302 | Bazaar   | Found Odeniuk's Armour Emporium.
 80312 | Bazaar   | Bought a +1 pair of boots of running for 547 gold pieces
 80365 | Bazaar   | Bought a manual of Throwing for 993 gold pieces
 80379 | Bazaar   | Bought a +1 pair of gloves of strength for 247 gold pieces
 81349 | Vaults:3 | Received a gift from Okawaru
 82395 | Vaults:4 | Found a flickering gateway to a bazaar.
 82443 | Bazaar   | Entered a bazaar
 82446 | Bazaar   | Found Saaluan's Armour Shop.
 82459 | Bazaar   | Found Ycoak's Weapon Shop.
 82464 | Bazaar   | Bought 7 poisoned tomahawks for 98 gold pieces
 82472 | Bazaar   | Found Mnoulehe's Gadget Shop.
 82472 | Bazaar   | Found Iluttesch's Food Boutique.
 82489 | Bazaar   | Bought a wand of slowing (29) for 255 gold pieces
 82540 | Bazaar   | Bought a wand of digging (16) for 440 gold pieces
 82540 | Bazaar   | Bought a wand of digging (6) for 220 gold pieces
 82540 | Bazaar   | Bought a wand of paralysis (16) for 198 gold pieces
 82755 | Vaults:4 | Received a gift from Okawaru
 84586 | Vaults:5 | Entered Level 5 of the Vaults
 84665 | Vaults:4 | Received a gift from Okawaru
 85670 | Vaults:5 | Received a gift from Okawaru
 86016 | Vaults:5 | Got a heavily runed amber ring
 86018 | Vaults:5 | Identified the ring "Plog" {+/*Tele rElec rF- rN+ Dex+3} (You took it off a vault sentinel on level 5 of the Vaults)
 86500 | Vaults:5 | Reached XP level 25. HP: 231/231 MP: 29/29
 86533 | Vaults:5 | Noticed an ancient lich
 86701 | Vaults:5 | Received a gift from Okawaru
 87472 | Vaults:4 | Reached skill level 25 in Maces & Flails
 88086 | Vaults:5 | Killed an ancient lich
 88086 | Vaults:5 | Received a gift from Okawaru
 88244 | Vaults:5 | Received a gift from Okawaru
 89005 | D:14     | Bought a scroll of recharging for 133 gold pieces
 90247 | Vaults:5 | Found Mapleyna's Food Boutique.
 90282 | Vaults:5 | Found Fraetamn's Distillery.
 90288 | Vaults:5 | Bought a potion of heal wounds for 100 gold pieces
 90288 | Vaults:5 | Bought a potion of cancellation for 160 gold pieces
 90288 | Vaults:5 | Bought a potion of curing for 60 gold pieces
 90288 | Vaults:5 | Bought a potion of haste for 200 gold pieces
 90314 | Vaults:5 | Found Xaekesk's Food Emporium.
 90551 | Vaults:5 | Received a gift from Okawaru
 90620 | Vaults:5 | Got an ichor-stained cloak
 90631 | Vaults:5 | Identified the +4 cloak of Disaster {rC- rCorr Str+4 Int+2} (You found it on level 5 of the Vaults)
 90648 | Vaults:5 | Got a silver rune of Zot
 91582 | Swamp:5  | Entered Level 5 of the Swamp
 92171 | Swamp:5  | Reached XP level 26. HP: 200/243 MP: 23/30
 92562 | Swamp:5  | Got a decaying rune of Zot
 93204 | Zot:1    | Entered Level 1 of the Realm of Zot
 93467 | Zot:1    | Got a crystal morningstar
 93468 | Zot:1    | Identified the +8 morningstar "Caes" {freeze, +Rage MP+9 Dex-2 SInv} (You found it on level 1 of the Realm of Zot)
 93577 | Zot:1    | Reached skill level 26 in Maces & Flails
 93736 | Zot:1    | Received a gift from Okawaru
 93980 | Zot:1    | Received a gift from Okawaru
 94344 | Zot:2    | Received a gift from Okawaru
 95448 | Slime:1  | Entered Level 1 of the Pits of Slime
 96025 | Slime:1  | Received a gift from Okawaru
 96330 | Slime:2  | Received a gift from Okawaru
 98061 | Slime:5  | Reached skill level 10 in Evocations
 98119 | Slime:4  | Gained mutation: Potions and wands are less effective at restoring your health. [a shining eye]
 99276 | Slime:6  | Entered Level 6 of the Pits of Slime
 99439 | Slime:6  | Received a gift from Okawaru
 99667 | Slime:6  | Reached XP level 27. HP: 230/253 MP: 32/32
 99862 | Slime:6  | Noticed the royal jelly
 99895 | Slime:6  | Killed the royal jelly
 99895 | Slime:6  | Received a gift from Okawaru
 99895 | Slime:6  | Reached skill level 27 in Maces & Flails
 99895 | Slime:6  | Reached skill level 5 in Invocations
100568 | Slime:6  | Got a slimy rune of Zot
100705 | Slime:6  | Identified the Handbook of Earthen Shape Shifting
100764 | Slime:6  | Got a scintillating platinum ring
100765 | Slime:6  | Identified the cursed ring of Hoarru {rC+ rN+ Int+3 Dex-2 Stlth-} (You found it on level 6 of the Pits of Slime)
100793 | Slime:6  | Got a shimmering tin ring
100794 | Slime:6  | Identified the ring of the Ancients {rPois rC+} (You found it on level 6 of the Pits of Slime)
100809 | Slime:6  | Got a glittering glass ring
100811 | Slime:6  | Identified the ring of Midnight {rN+ MP+9 Int+2} (You found it on level 6 of the Pits of Slime)
100825 | Slime:6  | Lost mutation: Potions and wands are less effective at restoring your health. [potion of cure mutation]
100825 | Slime:6  | Lost mutation: Your muscles are strong. (Str +2) [potion of cure mutation]
101843 | Zot:2    | Received a gift from Okawaru
101940 | Zot:2    | Got a dazzling crystal plate armour {god gift}
102257 | Zot:1    | Identified the -2 crystal plate armour "Miazeikh" {Str+4} (Okawaru gifted it to you on level 2 of the Realm of Zot)
102404 | Zot:2    | Reached skill level 27 in Shields
103492 | Zot:3    | Got a scorched large shield
103503 | Zot:3    | Identified the cursed -3 large shield "Haesag" {rElec rC+ MR- Str+3} (You found it on level 3 of the Realm of Zot)
104271 | Zot:3    | Reached skill level 5 in Stealth
105719 | Zot:4    | Received a gift from Okawaru
106284 | Zot:4    | Received a gift from Okawaru
106724 | Zot:5    | Entered Level 5 of the Realm of Zot
106793 | Zot:4    | Received a gift from Okawaru
107710 | Zot:5    | Noticed an ancient lich
108083 | Zot:5    | Killed an ancient lich
108362 | Zot:5    | Noticed an ancient lich
108374 | Zot:5    | Killed an ancient lich
108742 | Zot:5    | Noticed an orb of fire
108760 | Zot:5    | Killed an orb of fire
108912 | Zot:5    | Noticed an orb of fire
108923 | Zot:5    | Killed an orb of fire
109015 | Zot:5    | Noticed an ancient lich
109019 | Zot:5    | Killed an ancient lich
109182 | Zot:5    | Noticed an ancient lich
109194 | Zot:5    | Killed an ancient lich
109238 | Zot:5    | Noticed an orb of fire
109263 | Zot:5    | Killed an orb of fire
109609 | Zot:5    | Received a gift from Okawaru
109930 | Zot:5    | Received a gift from Okawaru
110847 | Crypt:1  | Entered Level 1 of the Crypt
111845 | Crypt:2  | Identified Xoorrep's Catalogue of Black Secrets
111969 | Crypt:2  | Reached skill level 27 in Throwing
112444 | Crypt:2  | Received a gift from Okawaru
112695 | Crypt:3  | Entered Level 3 of the Crypt
113180 | Crypt:3  | Identified the Incunabulum of Necromancy
113370 | Crypt:3  | Got a warped steel ring
113409 | Crypt:3  | Got a sparkling platinum ring
113411 | Crypt:3  | Identified the ring "Yxamalut" {-Cast rElec rPois rN+ MR+ Stlth+} (You found it on level 3 of the Crypt)
113413 | Crypt:3  | Identified the ring of Ghyov {rPois rC- rN+ Dex+4} (You found it on level 3 of the Crypt)
113464 | Crypt:3  | Found a shimmering altar of Xom.
113465 | Crypt:3  | Noticed an ancient lich
113481 | Crypt:3  | Killed an ancient lich
113840 | Crypt:3  | Found a staircase to the Tomb.
113981 | Crypt:3  | Got a fine granite ring
113986 | Crypt:3  | Identified the ring "Wiutatal" {MP+9 EV+2} (You found it on level 3 of the Crypt)
113997 | Crypt:3  | Identified the Tome of Evil Confrontation (You found it on level 3 of the Crypt)
115708 | Tomb:1   | Entered Level 1 of the Tomb of the Ancients
116454 | Tomb:1   | Received a gift from Okawaru
116485 | Tomb:1   | Received a gift from Okawaru
117644 | Tomb:2   | Noticed an ancient lich
117761 | Tomb:2   | Received a gift from Okawaru
118332 | Tomb:2   | Killed an ancient lich
119051 | Tomb:2   | Received a gift from Okawaru
119605 | Tomb:2   | Received a gift from Okawaru
120246 | Tomb:1   | Received a gift from Okawaru
120330 | Tomb:1   | Received a gift from Okawaru
120689 | Tomb:1   | Received a gift from Okawaru
121053 | Tomb:2   | Reached skill level 27 in Fighting
121823 | Tomb:3   | Entered Level 3 of the Tomb of the Ancients
122407 | Tomb:2   | Received a gift from Okawaru
122574 | Tomb:3   | Received a gift from Okawaru
124785 | Tomb:3   | Got a golden rune of Zot
124919 | Tomb:3   | Identified Sif Muna's Compendium of Displaced Cold
124938 | Tomb:3   | Identified Poshim's Almanac of the Mountains (You found it on level 3 of the Tomb of the Ancients)
124959 | Tomb:3   | Identified the Volume of Stones and Battle Magic
125168 | Tomb:3   | Identified Maleppo's Spellcasting, Part Three (You found it on level 3 of the Tomb of the Ancients)
125255 | Tomb:3   | Got a crude copper ring
125258 | Tomb:3   | Identified the ring of Divine Compulsion {+Fly MP+9 AC+2 Dex+4} (You found it on level 3 of the Tomb of the Ancients)
126568 | Hell     | Entered the Vestibule of Hell
126568 | Hell     | Noticed Geryon
126578 | Hell     | Killed Geryon
126793 | Depths:1 | Reached skill level 27 in Armour
126853 | Hell     | Found a gateway to the decaying netherworld of Tartarus.
126883 | Hell     | Received a gift from Okawaru
127228 | Hell     | Found a gateway to the Iron City of Dis.
127379 | Hell     | Found a gateway to the freezing wastes of Cocytus.
127515 | Hell     | Reached skill level 10 in Stealth
127577 | Hell     | Found a gateway to the ashen valley of Gehenna.
127956 | D:15     | Reached skill level 10 in Dodging
128388 | Depths:1 | You paid a toll of the horn of Geryon to enter a treasure trove
128389 | Trove    | Entered a treasure trove
128435 | Trove    | Got a pitted granite ring
128437 | Trove    | Identified the ring "Trofez" {+/*Tele rF+ MR+ Int+7 Dex-5} (You found it in a treasure trove)
128482 | Trove    | Got a scintillating lapis lazuli ring
128484 | Trove    | Identified the ring "Biycvul" {Wiz rC+ Str-4 Int+6 SInv Stlth-} (You found it in a treasure trove)
128527 | Trove    | Got a scorched marble ring
128532 | Trove    | Identified the ring "Gogreuj" {Wiz Dex+4} (You found it in a treasure trove)
128542 | Trove    | Got a clouded graven amulet
128545 | Trove    | Identified the amulet of Pnes Axorph {Clar rElec Int+2 Dex+7} (You found it in a treasure trove)
128550 | Trove    | Got a transparent copper amulet
128552 | Trove    | Identified the amulet of Xom's Hope {Faith Contam rC+ Dex-3 SInv Stlth+} (You found it in a treasure trove)
129270 | Dis:1    | Entered Level 1 of the Iron City of Dis
129718 | Dis:3    | Gained mutation: You are partially covered in rough black scales (AC +4, Dex -1). [mutagenic glow]
130148 | Dis:5    | Reached skill level 15 in Evocations
130272 | Dis:5    | Gained mutation: You occasionally shout uncontrollably at your foes. [a cacodemon]
130970 | Dis:6    | Received a gift from Okawaru
131000 | Dis:7    | Entered Level 7 of the Iron City of Dis
131481 | Dis:7    | Gained mutation: Your spells are a little easier to cast, but a little less powerful. [mutagenic glow]
131527 | Dis:7    | Gained mutation: Armour fits poorly on your strangely shaped body. [mutagenic glow]
131978 | Dis:7    | Received a gift from Okawaru
132448 | Dis:7    | Received a gift from Okawaru
134278 | Dis:7    | Got a smoking bronze ring
134518 | Dis:7    | Got a sparkling lead ring
134525 | Dis:7    | Identified the ring of Divine Compulsion {rPois Str+4} (You found it on level 7 of the Iron City of Dis)
134527 | Dis:7    | Identified the ring of Bolow {Ice MR+ Slay+2 Stlth+} (You found it on level 7 of the Iron City of Dis)
134532 | Dis:7    | Got a glittering lapis lazuli ring
134534 | Dis:7    | Identified the ring "Fynegoth" {rN+ MR+ MP+9 Str+2} (You found it on level 7 of the Iron City of Dis)
134564 | Dis:7    | Got a warped lead ring
134566 | Dis:7    | Identified the ring "Fyazat" {MP-9 EV+5 Str+2 Slay+5} (You found it on level 7 of the Iron City of Dis)
134725 | Dis:7    | Received a gift from Okawaru
135104 | Dis:7    | Received a gift from Okawaru
135168 | Dis:7    | Received a gift from Okawaru
135460 | Dis:7    | Noticed the Serpent of Hell
135486 | Dis:7    | Killed the Serpent of Hell
136024 | Dis:7    | Noticed Dispater
136048 | Dis:7    | Killed Dispater
136048 | Dis:7    | Reached skill level 15 in Stealth
136118 | Dis:7    | Got an iron rune of Zot
136222 | Dis:7    | Reached skill level 15 in Dodging
136335 | Dis:7    | Received a gift from Okawaru
136756 | Lair:1   | Lost mutation: Your spells are a little easier to cast, but a little less powerful. [potion of cure mutation]
136756 | Lair:1   | Lost mutation: You occasionally shout uncontrollably at your foes. [potion of cure mutation]
136756 | Lair:1   | Lost mutation: Armour fits poorly on your strangely shaped body. [potion of cure mutation]
136944 | Tar:1    | Entered Level 1 of Tartarus
138460 | Tar:2    | Gained mutation: You can spit poison. [mutagenic glow]
139046 | Tar:3    | You fall through a shaft!
139504 | Tar:7    | Entered Level 7 of Tartarus
140075 | Tar:7    | Received a gift from Okawaru
140663 | Tar:7    | Received a gift from Okawaru
141281 | Tar:7    | Received a gift from Okawaru
141291 | Tar:7    | Got a fine mace {god gift}
141292 | Tar:7    | Identified the +3 mace "Hohem" {drain, Str+2 Dex+3} (Okawaru gifted it to you on level 7 of Tartarus)
141387 | Tar:7    | Lost intelligence.
142731 | Tar:7    | Received a gift from Okawaru
143055 | Tar:7    | Lost intelligence.
143077 | Tar:7    | Noticed Ereshkigal
143078 | Tar:7    | Received a gift from Okawaru
143150 | Tar:7    | Killed Ereshkigal
143150 | Tar:7    | Received a gift from Okawaru
143191 | Tar:7    | Got a twitching turquoise ring
143193 | Tar:7    | Identified the Volume of Air
143204 | Tar:7    | Identified the Catalogue of Sinister Arts
143208 | Tar:7    | Got a bone rune of Zot
143287 | Tar:7    | Identified the ring "Thrileh" {Wiz rElec rN+ MP-9} (You found it on level 7 of Tartarus)
143454 | Tar:7    | Received a gift from Okawaru
144474 | Vaults:5 | Bought a potion of restore abilities for 100 gold pieces
144474 | Vaults:5 | Bought a potion of restore abilities for 100 gold pieces
144782 | Elf:2    | Bought a potion of restore abilities for 70 gold pieces
144782 | Elf:2    | Bought a potion of might for 56 gold pieces
145653 | Dis:3    | Received a gift from Okawaru
146930 | Coc:1    | Entered Level 1 of Cocytus
147206 | Coc:1    | Received a gift from Okawaru
147237 | Coc:1    | Got an ichor-stained mace {god gift}
147238 | Coc:1    | Identified the +6 mace "Judop" {antimagic, Str+7} (Okawaru gifted it to you on level 1 of Cocytus)
147875 | Coc:3    | Received a gift from Okawaru
147998 | Coc:4    | Received a gift from Okawaru
148771 | Coc:4    | Received a gift from Okawaru
148823 | Coc:7    | Entered Level 7 of Cocytus
148975 | Coc:7    | Received a gift from Okawaru
148978 | Coc:7    | Got a slimy cloak {god gift}
148989 | Coc:7    | Identified the +1 cloak of the Enchanted Forest {Stlth+} (Okawaru gifted it to you on level 7 of Cocytus)
149657 | Coc:7    | Reached skill level 10 in Invocations
149750 | Coc:7    | Received a gift from Okawaru
150563 | Coc:7    | Received a gift from Okawaru
150926 | Coc:7    | Noticed Antaeus
150958 | Coc:7    | Killed Antaeus
150958 | Coc:7    | Received a gift from Okawaru
151015 | Coc:7    | Got an icy rune of Zot
151073 | Coc:7    | Identified the Incunabulum of a Thousand Souls
151088 | Coc:7    | Identified the Volume of Displaced Augmentations
152160 | Geh:1    | Entered Level 1 of Gehenna
152219 | Geh:1    | Lost intelligence.
152497 | Geh:2    | Received a gift from Okawaru
152650 | Geh:3    | Received a gift from Okawaru
152840 | Geh:3    | Received a gift from Okawaru
153573 | Geh:7    | Entered Level 7 of Gehenna
154545 | Geh:1    | Received a gift from Okawaru
154553 | Geh:1    | Got a dazzling morningstar {god gift}
154556 | Geh:1    | Identified the +1 morningstar "Shotuera" {elec, rN+ Int+5} (Okawaru gifted it to you on level 1 of Gehenna)
155907 | Geh:3    | Received a gift from Okawaru
157718 | Geh:4    | Paralysed by the power of Zot for 4 turns
158585 | Geh:5    | Received a gift from Okawaru
158636 | Geh:5    | Gained mutation: You heal slowly when monsters are visible. [mutagenic glow]
158922 | Geh:6    | Received a gift from Okawaru
159696 | Geh:2    | You fall through a shaft!
159751 | Geh:4    | Received a gift from Okawaru
159765 | Geh:4    | Got a fine mace {god gift}
159766 | Geh:4    | Identified the +9 mace of the Sky {drain, Int+3} (Okawaru gifted it to you on level 4 of Gehenna)
160874 | Geh:7    | Received a gift from Okawaru
160890 | Geh:7    | Got a dazzling flail {god gift}
160891 | Geh:7    | Identified the +6 flail "Vojyrhuy" {flame, +Fly Dex+4 Stlth+} (Okawaru gifted it to you on level 7 of Gehenna)
161165 | Geh:7    | Got a faintly glowing tin amulet
161166 | Geh:7    | Identified the amulet "Jaluek" {Faith -Cast MP+9 Dex+4} (You took it off a balrug on level 7 of Gehenna)
161531 | Geh:7    | Received a gift from Okawaru
161848 | Geh:7    | Received a gift from Okawaru
161920 | Geh:7    | Noticed Asmodeus
161952 | Geh:7    | Killed Asmodeus
161952 | Geh:7    | Received a gift from Okawaru
161979 | Geh:7    | Got an obsidian rune of Zot
162079 | Geh:7    | Got a crude plate armour {god gift}
163189 | Geh:7    | Lost intelligence.
163743 | Hell     | Identified the +7 plate armour "Ski Mnipred" {Regen+ Int+2} (Okawaru gifted it to you on level 7 of Gehenna)
163911 | Lair:1   | Lost mutation: You can spit poison. [potion of cure mutation]
163911 | Lair:1   | Lost mutation: You heal slowly when monsters are visible. [potion of cure mutation]
163911 | Lair:1   | Lost mutation: You are partially covered in rough black scales (AC +4, Dex -1). [potion of cure mutation]
164411 | Geh:7    | Lost intelligence.
165217 | Depths:4 | Got an ebony great mace {god gift}
165225 | Depths:4 | Voluntarily entered the Abyss.
165273 | Abyss:3  | Found a corrupted altar of Lugonu.
165609 | Abyss:4  | Reached skill level 27 in Stealth
165886 | Abyss:4  | Received a gift from Okawaru
166146 | Abyss:4  | Received a gift from Okawaru
166157 | Abyss:4  | Got an abyssal rune of Zot
166593 | Depths:4 | Escaped the Abyss
167114 | Pan      | Entered Pandemonium
167227 | Pan      | Found an exit through the horrors of the Abyss.
167288 | Pan      | Reached skill level 27 in Dodging
167501 | Pan      | Noticed Ujarept the pandemonium lord
167509 | Pan      | Killed Ujarept the pandemonium lord
168746 | Pan      | Found an exit through the horrors of the Abyss.
168831 | Pan      | Found an exit through the horrors of the Abyss.
169014 | Pan      | Upgraded the game from 0.16.1-16-gc44b35d to 0.16.1-18-g436b03c
169019 | Pan      | Upgraded the game from 0.16.1-18-g436b03c to 0.16.1-51-g6203257
169632 | Pan      | Found an exit through the horrors of the Abyss.
169672 | Pan      | Received a gift from Okawaru
170508 | Pan      | Received a gift from Okawaru
170508 | Pan      | Reached skill level 15 in Invocations
170667 | Pan      | Found an exit through the horrors of the Abyss.
170979 | Pan      | Received a gift from Okawaru
171933 | Pan      | Found an exit through the horrors of the Abyss.
171948 | Pan      | Received a gift from Okawaru
172244 | Pan      | Received a gift from Okawaru
172837 | Pan      | Found an exit through the horrors of the Abyss.
172844 | Pan      | Noticed Mennas
172881 | Pan      | Killed Mennas
172883 | Pan      | Received a gift from Okawaru
172994 | Pan      | Noticed Khebb the pandemonium lord
173015 | Pan      | Killed Khebb the pandemonium lord
173767 | Pan      | Took an exit into the Abyss.
173767 | Abyss:1  | Escaped into the Abyss
173948 | Depths:3 | Escaped the Abyss
174792 | Pan      | Entered Pandemonium
175076 | Pan      | Found an exit through the horrors of the Abyss.
175281 | Pan      | Noticed Prifeg the pandemonium lord
175287 | Pan      | Killed Prifeg the pandemonium lord
175299 | Pan      | Got a dazzling eveningstar
175302 | Pan      | Identified the +5 eveningstar "Spiderbane" {holy, rF- MP+9 Str+5 Dex+6} (You found it in Pandemonium)
175532 | Pan      | Gained mutation: Your magical capacity is low (-10% MP). [a cacodemon]
175720 | Pan      | Gained mutation: You are partially covered in rugged brown scales (AC +1, +3% HP). [a neqoxec]
175743 | Pan      | Noticed Thriuh the pandemonium lord
175771 | Pan      | Killed Thriuh the pandemonium lord
175782 | Pan      | Gained mutation: You expend magic power (3 MP) to slightly strengthen your wands. [a cacodemon]
175786 | Pan      | Received a gift from Okawaru
176011 | Pan      | Found an exit through the horrors of the Abyss.
176252 | Pan      | Received a gift from Okawaru
176337 | Pan      | Found an exit through the horrors of the Abyss.
176506 | Pan      | Noticed Uhaograli the pandemonium lord
176550 | Pan      | Killed Uhaograli the pandemonium lord
176996 | Pan      | Found an exit through the horrors of the Abyss.
177116 | Pan      | Got an ichor-stained plate armour
177117 | Pan      | Identified the +0 plate armour of the Assorted Dances {rPois rC+ rCorr Dex-2 Stlth+} (You found it in Pandemonium)
177218 | Pan      | Noticed Tweifroi the pandemonium lord
177249 | Pan      | Killed Tweifroi the pandemonium lord
177472 | Pan      | Received a gift from Okawaru
178237 | Pan      | Got a distressingly furry large shield
178238 | Pan      | Identified the cursed +0 large shield of the Valley {Int+4} (You took it off a daeva in Pandemonium)
178533 | Pan      | Got a dazzling large shield
178535 | Pan      | Identified the +4 large shield of Fedhas' Reproof {rElec rN+ rCorr Str-3 SInv} (You took it off a daeva in Pandemonium)
178643 | Pan      | Received a gift from Okawaru
178983 | Pan      | Got a shimmering marble ring
178984 | Pan      | Identified the ring of Clopron {-Tele Str+5 Dex+4 SInv Stlth-} (You took it off an angel in Pandemonium)
179011 | Pan      | Noticed a seraph
179018 | Pan      | Killed a seraph
179030 | Pan      | Found a glowing golden altar of the Shining One.
179050 | Pan      | Got a steaming zirconium amulet
179051 | Pan      | Identified the amulet of the Republic {Clar +Fly rElec rPois Int-4} (You took it off a seraph in Pandemonium)
179075 | Pan      | Got a demonic rune of Zot
179079 | Pan      | Identified Ostiab's Catalogue of Shape Shifting and Slavery
179085 | Pan      | Identified the Collected Works on Conjuration and Contamination
179105 | Pan      | Identified a +1 pair of boots of running (You found it in Pandemonium)
179142 | Pan      | Got a translucent pewter amulet
179144 | Pan      | Identified the amulet "Archetei" {Clar rF+ rC- Int+4 SInv} (You found it in Pandemonium)
179332 | Pan      | Found a glowing silver altar of Zin.
179437 | Pan      | Got a brightly glowing large shield
179449 | Pan      | Identified the +6 large shield of Smester {rPois MR- Regen+ rCorr Int+5} (You took it off a daeva in Pandemonium)
180555 | Pan      | Got a warped large shield
180590 | Pan      | Identified the +4 large shield "Poocrez" {Dex+4} (You took it off a daeva in Pandemonium)
180791 | Pan      | Got a bloodstained large shield
180806 | Pan      | Identified the +9 large shield of the Hidden Cities {+Fly} (You took it off a daeva in Pandemonium)
180880 | Pan      | Found a white marble altar of Elyvilon.
180918 | Pan      | Received a gift from Okawaru
181323 | Pan      | Received a gift from Okawaru
181718 | Pan      | Found an exit through the horrors of the Abyss.
181731 | Pan      | Took an exit into the Abyss.
181731 | Abyss:1  | Escaped into the Abyss
181732 | Abyss:1  | Found a corrupted altar of Lugonu.
181747 | Depths:3 | Escaped the Abyss
182225 | Pan      | Entered Pandemonium
182270 | Pan      | Reached skill level 27 in Evocations
182341 | Pan      | Entered the realm of Gloorx Vloq.
182550 | Pan      | Got a pitted garnet amulet
182659 | Pan      | Got a glittering copper ring
182661 | Pan      | Identified the ring "Psiqouse" {SustAb Str+5} (You found it in Pandemonium)
182764 | Pan      | Found an exit through the horrors of the Abyss.
182818 | Pan      | Identified a +4 rod of destruction (9/9) (You found it in Pandemonium)
183495 | Pan      | Noticed Gloorx Vloq
183512 | Pan      | Killed Gloorx Vloq
183636 | Pan      | Got a dark rune of Zot
183872 | Pan      | Received a gift from Okawaru
183899 | Pan      | Found an exit through the horrors of the Abyss.
184062 | Pan      | Noticed Kheko the pandemonium lord
184075 | Pan      | Killed Kheko the pandemonium lord
184075 | Pan      | Received a gift from Okawaru
184221 | Pan      | Noticed Wuughofie the pandemonium lord
184246 | Pan      | Killed Wuughofie the pandemonium lord
184805 | Pan      | Identified the amulet "Uviredek" {Gourm Str-3 Int+9} (You found it in Pandemonium)
184834 | Pan      | Found an exit through the horrors of the Abyss.
185108 | Pan      | Entered the realm of Lom Lobon.
185232 | Pan      | Found an exit through the horrors of the Abyss.
186701 | Pan      | Noticed Lom Lobon
186722 | Pan      | Killed Lom Lobon
186764 | Pan      | Got a magical rune of Zot
186987 | Pan      | Entered the realm of Mnoleg.
186989 | Pan      | Upgraded the game from 0.16.1-51-g6203257 to 0.16.1-66-g04f09c5
187041 | Pan      | Found an exit through the horrors of the Abyss.
187563 | Pan      | Received a gift from Okawaru
187709 | Pan      | Gained mutation: Your body is slowly deteriorating. [a neqoxec]
187887 | Pan      | Received a gift from Okawaru
187975 | Pan      | Noticed Mnoleg
187991 | Pan      | Killed Mnoleg
188019 | Pan      | Got a glowing rune of Zot
188207 | Pan      | Took an exit into the Abyss.
188207 | Abyss:1  | Escaped into the Abyss
188250 | Depths:3 | Escaped the Abyss
188463 | Lair:1   | Lost mutation: Your magical capacity is low (-10% MP). [potion of cure mutation]
188463 | Lair:1   | Lost mutation: You expend magic power (3 MP) to slightly strengthen your wands. [potion of cure mutation]
188463 | Lair:1   | Lost mutation: Your body is slowly deteriorating. [potion of cure mutation]
188463 | Lair:1   | Lost mutation: You are partially covered in rugged brown scales (AC +1, +3% HP). [potion of cure mutation]
188741 | Pan      | Entered Pandemonium
188839 | Pan      | Noticed Wamar the pandemonium lord
188850 | Pan      | Killed Wamar the pandemonium lord
188871 | Pan      | Paralysed by a torturous chaos champion for 3 turns
189405 | Pan      | Gained mutation: Your body is slowly deteriorating. [a neqoxec]
189670 | Pan      | Found an exit through the horrors of the Abyss.
189823 | Pan      | Entered the realm of Cerebov.
189823 | Pan      | Found a gateway to a ziggurat.
189988 | Pan      | Received a gift from Okawaru
190313 | Pan      | Found an exit through the horrors of the Abyss.
190470 | Pan      | Received a gift from Okawaru
190533 | Pan      | Got an ancient garnet amulet
190541 | Pan      | Noticed Cerebov
190578 | Pan      | Received a gift from Okawaru
190720 | Pan      | Identified the amulet of Wuj Yfua {rCorr rElec rF- rC+ Str+3} (You took it off a balrug in Pandemonium)
190830 | Pan      | Killed Cerebov
190830 | Pan      | Received a gift from Okawaru
190856 | Pan      | Got a fiery rune of Zot
191155 | Zig:1    | Entered Level 1 of a ziggurat
191201 | Zig:2    | Entered Level 2 of a ziggurat
191229 | Zig:2    | Lost mutation: Your body is slowly deteriorating. [potion of cure mutation]
191385 | Zig:3    | Entered Level 3 of a ziggurat
191455 | Zig:4    | Entered Level 4 of a ziggurat
191480 | Zig:4    | Received a gift from Okawaru
191527 | Zig:5    | Entered Level 5 of a ziggurat
191630 | Zig:6    | Entered Level 6 of a ziggurat
191777 | Zig:6    | Got a heavily runed ivory ring
191779 | Zig:6    | Identified the cursed ring "Urphonaci" {+Inv rF- rC+ MR++ EV-2 Stlth-} (You found it on level 6 of a ziggurat)
191797 | Zig:7    | Entered Level 7 of a ziggurat
191965 | Zig:7    | Got a pitted platinum ring
191967 | Zig:7    | Identified the ring "Ynownif" {+Fly Str+3} (You found it on level 7 of a ziggurat)
191979 | Zig:8    | Entered Level 8 of a ziggurat
192125 | Zig:8    | Got a glittering granite ring
192126 | Zig:8    | Identified the ring "Zaub" {Dex+3 SInv} (You found it on level 8 of a ziggurat)
192167 | Pan      | Took an exit into the Abyss.
192167 | Abyss:1  | Escaped into the Abyss
192233 | Depths:3 | Escaped the Abyss
192450 | Zot:5    | Got the Orb of Zot
192777 | D:12     | Gained mutation: You occasionally shout uncontrollably at your foes. [mutagenic glow]
193015 | D:$      | Escaped with the Orb!

Action                   |  1- 3 |  4- 6 |  7- 9 | 10-12 | 13-15 | 16-18 | 19-21 | 22-24 | 25-27 || total
-------------------------+-------+-------+-------+-------+-------+-------+-------+-------+-------++-------
Melee: Flail             |    90 |    71 |   486 |   723 |       |       |       |       |       ||  1370
       Demon whip        |       |       |       |    88 |  1910 |  2140 |  2001 |  1898 | 13952 || 21989
       Sacred scourge    |       |       |       |       |       |       |       |       |   937 ||   937
Throw: Stone             |    54 |    26 |    29 |     8 |       |       |       |       |       ||   117
       Tomahawk          |     6 |     5 |    22 |    53 |    80 |   465 |    97 |   498 |  1981 ||  3207
       Throwing net      |       |       |     1 |       |     1 |     2 |       |       |     1 ||     5
       Javelin           |       |       |       |    39 |   215 |   412 |   352 |   395 |  1693 ||  3106
Invok: Heroism           |       |       |     3 |     4 |     2 |       |     1 |       |     2 ||    12
       Finesse           |       |       |       |     1 |     3 |     4 |     6 |     3 |    15 ||    32
 Abil: Evoke Flight      |       |       |       |       |     2 |     1 |       |     3 |    14 ||    20
       Evoke Blink       |       |       |       |       |       |       |       |     1 |       ||     1
       Stop Flying       |       |       |       |       |       |       |       |       |     6 ||     6
Evoke: Wand              |       |     8 |    18 |    14 |    95 |   137 |    23 |    71 |   451 ||   817
       Rod               |       |       |       |       |     1 |       |     2 |       |       ||     3
       Phantom mirror    |       |       |       |       |       |     1 |       |       |       ||     1
       Sack of spiders   |       |       |       |       |       |    11 |     7 |    27 |    60 ||   105
  Use: Scroll            |     9 |       |     8 |     5 |    16 |    14 |     9 |    29 |    86 ||   176
       Potion            |     1 |       |     4 |     5 |     6 |    23 |    10 |     6 |    61 ||   116
 Stab: Paralysed         |       |     1 |       |       |       |       |       |       |    16 ||    17
       Confused          |       |       |       |       |     5 |     3 |       |       |       ||     8
       Petrified         |       |       |       |       |     2 |       |       |       |       ||     2
       Petrifying        |       |       |       |       |     1 |       |       |       |       ||     1
       Distracted        |       |       |       |       |       |     4 |       |     2 |    19 ||    25
       Held in net/web   |       |       |       |       |       |     1 |       |       |     8 ||     9
       Invisible         |       |       |       |       |       |       |       |       |     3 ||     3
       Sleeping          |       |       |       |       |       |       |       |       |     1 ||     1
  Eat: Chunk             |     4 |     3 |     8 |    18 |    34 |    57 |    26 |    41 |   128 ||   319
       Fruit             |       |     5 |     7 |     2 |     2 |     4 |     1 |     6 |    35 ||    62
       Pizza             |       |       |       |     1 |     5 |       |     2 |     1 |    11 ||    20
       Bread ration      |       |       |       |       |     1 |     1 |     3 |     1 |    33 ||    39
       Beef jerky        |       |       |       |       |       |     2 |     3 |     5 |     5 ||    15
       Royal jelly       |       |       |       |       |       |       |     1 |     2 |     6 ||     9
